NWL (28 & UNDER)
CASPER GHOSTS @ MENLO MANIACS
05/09/2029
 
TOP OF THE 1ST
Casper Ghosts batting - Pitching for Menlo Maniacs : RHP Juan Caballero
Pitching: RHP Juan Caballero
Batting: RHB Alberto Soto 0-0: Ball
1-0: Ball
2-0: Called Strike
2-1: Foul Ball, location: 2F
2-2: Ball
3-2: Ground out 5-3 (Groundball, 25)
Batting: LHB Ramón Córdova 0-0: Swinging Strike
0-1: Foul Ball, location: 2F
0-2: Ball
1-2: Ball
2-2: Foul Ball, location: 2F
2-2: Foul Ball, location: 2F
2-2: Foul Ball, location: 2F
2-2: Foul Ball, location: 2F
2-2: Ball
3-2: Base on Balls
Batting: LHB Alberto Varela 0-0: Swinging Strike
0-1: Ball
1-1: Ball
2-1: Called Strike
2-2: Fielders Choice at 2nd, 5-4 (Groundball, 5L)
Batting: LHB Ralph Cobb 0-0: Foul Ball, location: 2F
0-1: Ball
1-1: Ball
2-1: Ball
Alberto Varela steals 2nd base
3-1: Base on Balls
Batting: RHB Paul Richard 0-0: Ball
1-0: SINGLE (Groundball, 56D)
Alberto Varela to third
Ralph Cobb to second
Runner from 3rd tries for Home, throw and OUT!
Top of the 1st over - 0 runs, 1 hit, 0 errors, 2 left on base; Casper 0 - Menlo 0
BOTTOM OF THE 1ST
Menlo Maniacs batting - Pitching for Casper Ghosts : RHP Jesús Sánchez
Pitching: RHP Jesús Sánchez
Batting: SHB Ryan Holcomb 0-0: Called Strike
0-1: Ball
1-1: Bunt for hit - play at first, batter OUT! 3-4
Batting: RHB Héctor Vázquez 0-0: Ground out 6-3 (Groundball, 6M)
Batting: LHB Richard Olvera 0-0: SINGLE (Groundball, 56S) (infield hit)
Batting: LHB César Rodríguez 0-0: Ball
1-0: Foul Ball, location: 2F
1-1: Ball
2-1: Ball
3-1: Fly out, F4 (Line Drive, 34)
Bottom of the 1st over - 0 runs, 1 hit, 0 errors, 1 left on base; Casper 0 - Menlo 0
TOP OF THE 2ND
Casper Ghosts batting - Pitching for Menlo Maniacs : RHP Juan Caballero
Batting: LHB Ronald Gordon 0-0: Ball
1-0: Ball
2-0: Foul Ball, location: 2F
2-1: Ball
3-1: Base on Balls
Batting: SHB José González 0-0: Foul Ball, location: 2F
0-1: Foul Ball, location: 2F
0-2: Ball
1-2: Foul Ball, location: 2F
1-2: Strikes out looking
Batting: RHB Miguel Toro 0-0: Foul Ball, location: 2F
0-1: Ball
1-1: Called Strike
1-2: Ground out 5-3 (Groundball, 56S)
Ronald Gordon to second
Batting: RHB Troy Reed 0-0: Ball
1-0: Swinging Strike
1-1: Ball
2-1: Ground out 4-3 (Groundball, 4)
Top of the 2nd over - 0 runs, 0 hits, 0 errors, 1 left on base; Casper 0 - Menlo 0
BOTTOM OF THE 2ND
Menlo Maniacs batting - Pitching for Casper Ghosts : RHP Jesús Sánchez
Batting: RHB Joe Noble 0-0: Foul Ball, location: 2F
0-1: Ball
1-1: Ball
2-1: Fly out, F9 (Flyball, 89XD)
Batting: LHB Dave Lee 0-0: Ball
1-0: Ball
2-0: Called Strike
2-1: Fly out, F5 (Popup, 5SF)
Batting: SHB Chris Young 0-0: Ball
1-0: Ball
2-0: Ball
3-0: Swinging Strike
3-1: Ground out 6-3 (Groundball, 6)
Bottom of the 2nd over - 0 runs, 0 hits, 0 errors, 0 left on base; Casper 0 - Menlo 0
TOP OF THE 3RD
Casper Ghosts batting - Pitching for Menlo Maniacs : RHP Juan Caballero
Batting: RHB Alberto Soto 0-0: Ball
1-0: Called Strike
1-1: Ball
2-1: SOLO HOME RUN (Flyball, 7D), Distance : 394 ft
Batting: LHB Ramón Córdova 0-0: Called Strike
0-1: Ball
1-1: Foul Ball, location: 2F
1-2: Ball
2-2: Ball
3-2: SINGLE (Line Drive, 89S)
Batting: LHB Alberto Varela 0-0: Ball
1-0: Ground out 6-3 (Groundball, 6S)
Ramón Córdova to second
Batting: LHB Ralph Cobb 0-0: Ball
1-0: Swinging Strike
1-1: Hit by Pitch
Batting: RHB Paul Richard 0-0: Ball
Ramón Córdova steals 3rd base
Ralph Cobb to second
1-0: Ball
2-0: Called Strike
2-1: Ground out 4-3 (Groundball, 4M)
Ramón Córdova scores
Ralph Cobb to third
Batting: LHB Ronald Gordon 0-0: Called Strike
0-1: Hit by Pitch
Batting: SHB José González 0-0: Fly out, F6 (Line Drive, 56)
Top of the 3rd over - 2 runs, 2 hits, 0 errors, 2 left on base; Casper 2 - Menlo 0
BOTTOM OF THE 3RD
Menlo Maniacs batting - Pitching for Casper Ghosts : RHP Jesús Sánchez
Batting: LHB Bernardo Rodríguez 0-0: Called Strike
0-1: Called Strike
0-2: Ball
1-2: Fly out, F6 (Line Drive, 6)
Batting: RHB David Strickland 0-0: Ball
1-0: Fly out, F6 (Popup, 6D)
Batting: SHB Ryan Holcomb 0-0: Ball
1-0: Ball
2-0: Called Strike
2-1: Ball
3-1: Base on Balls
Batting: RHB Héctor Vázquez 0-0: Ball
Ryan Holcomb steals 2nd base
1-0: Ball
2-0: Called Strike
2-1: Fly out, F8 (Flyball, 89D)
Bottom of the 3rd over - 0 runs, 0 hits, 0 errors, 1 left on base; Casper 2 - Menlo 0
TOP OF THE 4TH
Casper Ghosts batting - Pitching for Menlo Maniacs : RHP Juan Caballero
Batting: RHB Miguel Toro 0-0: Called Strike
0-1: Ball
1-1: Called Strike
1-2: Ball
2-2: Foul Ball, location: 2F
2-2: SINGLE (Line Drive, 6D)
Batting: RHB Troy Reed 0-0: Foul Ball, location: 2F
0-1: Ball
1-1: SINGLE (Groundball, 56D)
Miguel Toro to second
Runner from 2nd tries for 3rd, SAFE, throw made to third
Batting: RHB Alberto Soto 0-0: Ball
1-0: Called Strike
Troy Reed steals 2nd base
1-1: Called Strike
1-2: Strikes out swinging
Batting: LHB Ramón Córdova 0-0: Ball
1-0: Ball
2-0: Called Strike
2-1: Called Strike
2-2: Ball
3-2: Strikes out swinging
Batting: LHB Alberto Varela 0-0: Ball
1-0: Ball
2-0: Called Strike
2-1: Ball
3-1: Foul Ball, location: 2F
3-2: Ground out 4-3 (Groundball, 4)
Top of the 4th over - 0 runs, 2 hits, 0 errors, 2 left on base; Casper 2 - Menlo 0
BOTTOM OF THE 4TH
Menlo Maniacs batting - Pitching for Casper Ghosts : RHP Jesús Sánchez
Batting: LHB Richard Olvera 0-0: DOUBLE (Line Drive, 9LD)
Batting: LHB César Rodríguez 0-0: Ball
1-0: Ball
2-0: Foul Ball, location: 2F
2-1: Swinging Strike
2-2: Foul Ball, location: 2F
2-2: Strikes out looking
Batting: RHB Joe Noble 0-0: Ball
Richard Olvera steals 3rd base
1-0: Ground out 5-3 (Groundball, 56)
Richard Olvera scores
Batting: LHB Dave Lee 0-0: Called Strike
0-1: Called Strike
0-2: SINGLE (Groundball, 4D)
Batting: SHB Chris Young 0-0: Called Strike
0-1: SINGLE (Groundball, 6MD)
Dave Lee to second
Runner from 2nd tries for 3rd, SAFE, no throw
Batting: LHB Bernardo Rodríguez 0-0: Fly out, F7 (Flyball, 7S)
Bottom of the 4th over - 1 run, 3 hits, 0 errors, 2 left on base; Casper 2 - Menlo 1
TOP OF THE 5TH
Casper Ghosts batting - Pitching for Menlo Maniacs : RHP Juan Caballero
Pitching: RHP Wayne Todd
Batting: LHB Ralph Cobb 0-0: Ground out 6-3 (Groundball, 6)
Batting: RHB Paul Richard 0-0: Ball
1-0: Called Strike
1-1: Ball
2-1: Foul Ball, location: 2F
2-2: Strikes out swinging
Batting: LHB Ronald Gordon 0-0: Ball
1-0: Ball
2-0: Called Strike
2-1: Foul Ball, location: 2F
2-2: Ball
3-2: Ground out 5-3 (Groundball, 56)
Top of the 5th over - 0 runs, 0 hits, 0 errors, 0 left on base; Casper 2 - Menlo 1
BOTTOM OF THE 5TH
Menlo Maniacs batting - Pitching for Casper Ghosts : RHP Jesús Sánchez
Batting: RHB David Strickland 0-0: Ball
1-0: Ball
2-0: DOUBLE (Line Drive, 7LD)
Batting: SHB Ryan Holcomb 0-0: Called Strike
0-1: Ball
1-1: Ground out 4-3 (Groundball, 4)
David Strickland to third
Batting: RHB Héctor Vázquez 0-0: Ball
1-0: Ball
2-0: Foul Ball, location: 2F
2-1: SINGLE (Groundball, 4D)
David Strickland scores
Batting: LHB Richard Olvera 0-0: Ball
1-0: Ball
2-0: Called Strike
2-1: Fielders Choice at 2nd, 1-6 (Groundball, P)
Batting: LHB César Rodríguez 0-0: Ball
Richard Olvera steals 2nd base
1-0: Ball
Wild Pitch!
Richard Olvera to third
2-0: Fly out, F7 (Flyball, 78XD)
Bottom of the 5th over - 1 run, 2 hits, 0 errors, 1 left on base; Casper 2 - Menlo 2
TOP OF THE 6TH
Casper Ghosts batting - Pitching for Menlo Maniacs : RHP Wayne Todd
Batting: SHB José González 0-0: Ball
1-0: Ball
2-0: Ball
3-0: Called Strike
3-1: Foul Ball, location: 2F
3-2: Ground out 5-3 (Groundball, 56S)
Batting: RHB Miguel Toro 0-0: Ground out 6-3 (Groundball, 6)
Batting: RHB Troy Reed 0-0: Ball
1-0: Ball
2-0: Ball
3-0: Called Strike
3-1: Foul Ball, location: 2F
3-2: Foul Ball, location: 2F
3-2: Foul Ball, location: 2F
3-2: Ground out 6-3 (Groundball, 6S)
Top of the 6th over - 0 runs, 0 hits, 0 errors, 0 left on base; Casper 2 - Menlo 2
BOTTOM OF THE 6TH
Menlo Maniacs batting - Pitching for Casper Ghosts : RHP Jesús Sánchez
Batting: RHB Joe Noble 0-0: SINGLE (Groundball, 6D)
Batting: LHB Dave Lee 0-0: Ball
1-0: Swinging Strike
1-1: Foul Ball, location: 2F
1-2: Fielders Choice at 2nd, 6-4 (Groundball, 6)
Batting: SHB Chris Young 0-0: Ball
1-0: Ball
2-0: Ball
3-0: Called Strike
3-1: Called Strike
3-2: SINGLE (Line Drive, 8LS)
Dave Lee to second
Batting: LHB Bernardo Rodríguez 0-0: Called Strike
0-1: Fly out, F8 (Flyball, 8LS)
Batting: RHB David Strickland 0-0: Called Strike
0-1: Ball
1-1: Foul Ball, location: 2F
1-2: Foul Ball, location: 2F
1-2: Ball
2-2: Ground out 1-3 (Groundball, P)
Bottom of the 6th over - 0 runs, 2 hits, 0 errors, 2 left on base; Casper 2 - Menlo 2
TOP OF THE 7TH
Casper Ghosts batting - Pitching for Menlo Maniacs : RHP Wayne Todd
Batting: RHB Alberto Soto 0-0: Called Strike
0-1: Called Strike
0-2: Ball
1-2: Foul Ball, location: 2F
1-2: Ball
2-2: SINGLE (Groundball, 6MD)
Batting: LHB Ramón Córdova 0-0: Foul Ball, location: 2F
0-1: Ball
1-1: Ball
2-1: Ball
3-1: Base on Balls
Alberto Soto to second
Batting: LHB Alberto Varela 0-0: Ball
1-0: Ball
2-0: Called Strike
2-1: Ball
3-1: Swinging Strike
3-2: Base on Balls
Alberto Soto to third
Ramón Córdova to second
Batting: LHB Ralph Cobb 0-0: Ball
1-0: Swinging Strike
1-1: Ball
2-1: Ball
3-1: Base on Balls
Alberto Soto scores
Ramón Córdova to third
Alberto Varela to second
Pitching: RHP Brad Small
Batting: RHB Paul Richard 0-0: Ball
1-0: Called Strike
1-1: Called Strike
1-2: DOUBLE (Line Drive, 78D)
Ramón Córdova scores
Alberto Varela scores
Ralph Cobb to third
Runner from 3rd tries for Home, SAFE, no throw
Batting: LHB Ronald Gordon 0-0: Ground out 1-3 (Groundball, 15S)
Batting: SHB José González 0-0: Intentional Walk
Batting: RHB Miguel Toro 0-0: Ball
Paul Richard steals 3rd base
José González to second
1-0: Called Strike
1-1: SINGLE (Line Drive, 3)
Paul Richard scores
José González to third
Batting: RHB Troy Reed 0-0: Ball
1-0: Foul Ball, location: 2F
1-1: Ground out U3 (Groundball, 3S)
Miguel Toro to second
Batting: RHB Alberto Soto 0-0: Ball
1-0: Called Strike
1-1: Fly out, F9 (Flyball, 9S)
Top of the 7th over - 5 runs, 3 hits, 0 errors, 2 left on base; Casper 7 - Menlo 2
BOTTOM OF THE 7TH
Menlo Maniacs batting - Pitching for Casper Ghosts : RHP Jesús Sánchez
Batting: SHB Ryan Holcomb 0-0: Foul Ball, location: 2F
0-1: Ball
1-1: Ball
2-1: Ground out 6-3 (Groundball, 6)
Batting: RHB Héctor Vázquez 0-0: Ground out 6-3 (Groundball, 6)
Batting: LHB Richard Olvera 0-0: Swinging Strike
0-1: Swinging Strike
0-2: Ball
1-2: Ball
2-2: Strikes out swinging
Bottom of the 7th over - 0 runs, 0 hits, 0 errors, 0 left on base; Casper 7 - Menlo 2
TOP OF THE 8TH
Casper Ghosts batting - Pitching for Menlo Maniacs : RHP Brad Small
Batting: LHB Ramón Córdova 0-0: Ball
1-0: Ball
2-0: Ball
3-0: Called Strike
3-1: Base on Balls
Batting: LHB Alberto Varela 0-0: Ball
1-0: Ball
2-0: Ball
3-0: Base on Balls
Ramón Córdova to second
Batting: LHB Ralph Cobb 0-0: Ball
1-0: Called Strike
1-1: Foul Ball, location: 2F
1-2: Foul Ball, location: 2F
1-2: SINGLE (Groundball, 6MD)
Ramón Córdova to third
Alberto Varela to second
Runner from 3rd tries for Home, SAFE, throw made home
Batting: RHB Paul Richard 0-0: Called Strike
0-1: Grounds into double play, 6-4-3 (Groundball, 6)
Alberto Varela to third
Batting: LHB Ronald Gordon 0-0: Ball
1-0: Foul Ball, location: 2F
1-1: Foul Ball, location: 2F
1-2: Strikes out swinging
Top of the 8th over - 1 run, 1 hit, 0 errors, 1 left on base; Casper 8 - Menlo 2
BOTTOM OF THE 8TH
Menlo Maniacs batting - Pitching for Casper Ghosts : RHP Jesús Sánchez
Pitching: RHP Ray Adams
Batting: LHB César Rodríguez 0-0: Foul Ball, location: 2F
0-1: Ball
1-1: Foul Ball, location: 2F
1-2: Foul Ball, location: 2F
1-2: Foul Ball, location: 2F
1-2: Ground out 6-3 (Groundball, 6)
Batting: RHB Joe Noble 0-0: Called Strike
0-1: Ball
1-1: Foul Ball, location: 2F
1-2: Strikes out swinging
Batting: LHB Dave Lee 0-0: Called Strike
0-1: Fly out, F6 (Line Drive, 6)
Bottom of the 8th over - 0 runs, 0 hits, 0 errors, 0 left on base; Casper 8 - Menlo 2
TOP OF THE 9TH
Casper Ghosts batting - Pitching for Menlo Maniacs : RHP Brad Small
Pitching: RHP Juan Sánchez
Batting: SHB José González 0-0: Ball
1-0: Ball
2-0: Ball
3-0: Called Strike
3-1: Ground out 6-3 (Groundball, 6MS)
Batting: RHB Miguel Toro 0-0: Called Strike
0-1: Ball
1-1: DOUBLE (Line Drive, 9LM)
Batting: RHB Troy Reed 0-0: Ground out 4-3 (Groundball, 4)
Miguel Toro to third
Batting: RHB Alberto Soto 0-0: Ball
1-0: Called Strike
1-1: Ball
2-1: Foul Ball, location: 2F
2-2: Foul Ball, location: 2F
2-2: Ball
3-2: Fly out, F7 (Flyball, 78M)
Top of the 9th over - 0 runs, 1 hit, 0 errors, 1 left on base; Casper 8 - Menlo 2
BOTTOM OF THE 9TH
Menlo Maniacs batting - Pitching for Casper Ghosts : RHP Ray Adams
Batting: SHB Chris Young 0-0: Ball
1-0: Ball
2-0: Ball
3-0: Called Strike
3-1: Base on Balls
Batting: LHB Bernardo Rodríguez 0-0: Swinging Strike
0-1: Ball
1-1: Swinging Strike
1-2: Strikes out swinging
Batting: RHB David Strickland 0-0: Ball
1-0: Ball
2-0: Fielders Choice at 2nd, 3-6 (Groundball, 3)
Batting: SHB Ryan Holcomb 0-0: Ball
1-0: Ball
2-0: Ball
3-0: Called Strike
3-1: Foul Ball, location: 2F
3-2: Foul Ball, location: 2F
3-2: Base on Balls
David Strickland to second
Batting: RHB Héctor Vázquez 0-0: Ball
1-0: Swinging Strike
1-1: Ball
2-1: Foul Ball, location: 2F
2-2: Strikes out swinging
Bottom of the 9th over - 0 runs, 0 hits, 0 errors, 2 left on base; Casper 8 - Menlo 2
Saturday, December 16th, 2017 - OOTP Baseball 18.8 Build 76